 Dungeon Crawl Stone Soup version 0.28-a0-899-gf2b78a14d2 (webtiles) character file.

Game seed: 2461702716916906370

79874 AvatarAndi78 the Peltast (level 15, -7/138 HPs)
             Began as a Minotaur Berserker on Nov 23, 2021.
             Was a High Priest of Trog.
             Mangled by a stone giant (33 damage)
             ... on level 1 of the Orcish Mines.
             The game lasted 00:58:23 (21720 turns).

AvatarAndi78 the Peltast (Minotaur Berserker)      Turns: 21720, Time: 00:58:23

Health: -7/138     AC: 37    Str: 28    XL:     15   Next: 22%
Magic:  14/14      EV:  6    Int:  6    God:    Trog [*****.]
Gold:   1202       SH: 25    Dex: 20    Spells: 14/14 levels left

rFire   + . .      SeeInvis +   S - +4 war axe (vamp)
rCold   + + .      Faith    .   A - +0 tower shield
rNeg    + . .      Spirit   .   f - +9 gold dragon scales
rPois   +          Reflect  +   o - +2 hat of Beelolexto {Harm Str+4 Int+2 SInv}
rElec   .          Harm     +   F - +2 cloak
rCorr   .          Rampage  .   O - +0 pair of gloves
Will    +....                   I - +0 pair of boots {Stlth+}
Stlth   ..........              C - amulet of reflection
HPRegen 0.33/turn               x - +6 ring of dexterity
MPRegen 0.14/turn               D - ring "Plog" {rC+ rN+ SInv}

@: mighty, on berserk cooldown, hasted and slowed, silenced, invisible
A: horns 2, retaliatory headbutt, talons 1, sense surroundings 1, poison
resistance, MP-powered wands
a: Renounce Religion


You were on level 1 of the Orcish Mines.
You worshipped Trog.
Trog was extremely pleased with you.
You visited 4 branches of the dungeon, and saw 21 of its levels.
You also visited: Bailey, Ice Cave and Volcano.

You collected 1899 gold pieces.
You spent 697 gold pieces at shops.

Inventory:

Hand Weapons
 b - a +5 war axe of freezing
 t - a +1 scimitar of flaming
 B - a +3 battleaxe
 S - a +4 vampiric war axe (weapon)
 Y - the +7 great mace "Firestarter" {inner flame, rF++}
   (You found it on level 5 of the Lair of Beasts)

   It burns those it strikes, dealing additional fire damage.
   It fills those it strikes with an explosive inner flame.
   It grants immunity to clouds of flame.
   rF:        It greatly protects you from fire.
Missiles
 h - a throwing net (quivered)
Armour
 f - +9 gold dragon scales (worn)
 o - the +2 hat of Beelolexto (worn) {Harm Str+4 Int+2 SInv}
   (You found it on level 5 of the Dungeon)

   Str:       It affects your strength (+4).
   Int:       It affects your intelligence (+2).
   SInv:      It lets you see invisible.
   Harm:      It increases damage dealt and taken.
 r - a +2 scale mail of willpower
 A - a +0 tower shield (worn)
 E - a +0 crystal plate armour
 F - a +2 cloak (worn)
 I - a +0 pair of boots of stealth (worn)
 O - a +0 pair of gloves (worn)
Jewellery
 a - a +4 ring of protection
 d - a ring of positive energy
 n - a ring of flight
 w - a ring of fire
 x - a +6 ring of dexterity (left hand)
 z - a ring of poison resistance
 C - an amulet of reflection (around neck)
 D - the ring "Plog" (right hand) {rC+ rN+ SInv}
   (You bought it in a shop on level 8 of the Dungeon)

   [ring of see invisible]

   rC:        It protects you from cold.
   rN:        It protects you from negative energy.
   SInv:      It lets you see invisible.
 G - a ring of magical power
 N - a +6 ring of strength
 R - a +4 ring of evasion
 T - a ring of protection from fire
Wands
 e - a wand of flame (13)
 i - a wand of iceblast (25)
 j - a wand of digging (8)
 k - a wand of charming (37)
 v - a wand of polymorph (25)
 H - a wand of acid (4)
 K - a wand of paralysis (17)
Scrolls
 c - 2 scrolls of brand weapon
 l - 6 scrolls of magic mapping
 m - 4 scrolls of holy word
 p - 3 scrolls of fog
 s - 5 scrolls of teleportation
 y - 2 scrolls of fear
 M - 3 scrolls of identify
 V - a scroll of summoning
 X - a scroll of enchant weapon
Potions
 g - 2 potions of cancellation
 q - 3 potions of haste
 u - 6 potions of curing
 J - 3 potions of flight
 L - 2 potions of heal wounds
 P - 3 potions of ambrosia
 Q - 3 potions of might
 U - a potion of berserk rage


   Skills:
 + Level 14.1 Fighting
 + Level 14.6 Long Blades
 + Level 12.2(13.7) Axes
 + Level 10.1(12.6) Maces & Flails
 + Level 14.5 Armour
 + Level 3.0 Dodging
 + Level 1.6 Stealth
 + Level 15.2 Shields


You had 14 spell levels left.
You didn't know any spells.
Your spell library was empty.

Dungeon Overview and Level Annotations

Branches:
Dungeon (13/15)            Temple (1/1) D:6            Lair (6/6) D:11
 Shoals (0/4) Lair:3       Spider (0/4) Lair:4        Slime (0/5) Lair:6
    Orc (1/2) D:9          Bailey (visited)           IceCv (visited)
Volcano (visited)
 Vaults: D:13-14

Altars:
Ashenzari
Cheibriados
Dithmenos
Elyvilon
Fedhas
Gozag
Hepliaklqana
Kikubaaqudgha
Makhleb
Nemelex Xobeh
Okawaru
Qazlal
Ru
Sif Muna
Trog
Uskayaw
Vehumet
Wu Jian
Xom
Yredelemnul
Zin
The Shining One
Beogh

Shops:
D:8 =   D:10 (!*

Annotations:
Orc:1 1 transporter, 1 runed translucent door


Innate Abilities, Weirdness & Mutations

You have a pair of horns on your head.
You reflexively headbutt those who attack you in melee.
You have sharp toenails.
You passively map a small area around you.
Your system is resistant to poisons. (rPois)
You expend magic power (3 MP) to strengthen your wands.


Message History

You reflect the large rock off an invisible shield around you!
The large rock hits the stone giant!!
The moth of wrath angrily waves its antennae.
The orc knight shoots a bolt.
You reflect the bolt off an invisible shield around you!
The bolt closely misses the orc knight.
You feel yourself speed up.
You feel very mighty all of a sudden.
The moth of wrath goads the stone giant on!
The stone giant goes berserk!
The orc knight hits you but does no damage.
You slice the orc knight!! You headbutt the orc knight.
The orc knight is severely wounded.
You hit the stone giant. The stone giant hits you!!!
You fade into invisibility!
The stone giant hits you!!!
* * * LOW HITPOINT WARNING * * *
The orc knight shoots a bolt.
You reflect the bolt off an invisible shield around you!
The bolt hits the orc knight!
You block the stone giant's attack. You block the orc knight's attack.
You catch the helpless stone giant completely off-guard!
You slash the stone giant! You headbutt the stone giant!
The stone giant is heavily wounded.
You catch the helpless orc knight completely off-guard!
You slice the orc knight!!
You kill the orc knight!
Trog accepts your kill.
The orc knight shoots a bolt.
You reflect the bolt off an invisible shield around you!
The bolt closely misses the orc knight.
You block the stone giant's attack.
You slash the stone giant!
You feel better.
You headbutt the stone giant!
The stone giant is severely wounded.
The stone giant barely misses you.
The orc knight shoots a bolt.
You reflect the bolt off an invisible shield around you!
The bolt hits the orc knight!!
You block the stone giant's attack.
You hit the stone giant but do no damage.
The stone giant is severely wounded.
The stone giant hits you!!
You die...

........#y#.., * .. *
........###++### $$...##
,,
.........##...###:(?..##,
........©##©÷.#W+_[)..##
.........##...## )[$..##
, ,
).......###''####$$...# ,
,, ,
...#....#y#...#y#$....##
*
.....######...###C.⌠..#°
.....# ##..).@o....# ,
<>...# ##...).....#y
.....# ############* ,
.....#


#°#eyOee# .....# ######### , .....# ....####################
.....))................# * ......).............#.## You could see a stone giant
(berserk), an orc knight, a deep elf annihilator, a deep elf elementalist
(repels missiles), an ogre mage, 4 moths of wrath and a deep elf zephyrmancer.

Vanquished Creatures
  Rupert (Lair:4)
  A red draconian (Volcano)
  9 hydras
  The ghost of MirrMurr the Thrower, a journeyman DsHu of Okawaru (D:11)
  4 boulder beetles
  6 two-headed ogres
  Erica (Orc:1)
  A merfolk avatar (Lair:6)
  9 death yaks
  2 tengu warriors (D:13)
  Urug (Lair:4)
  A deep troll (Orc:1)
  A sea snake (Lair:6)
  A deep elf pyromancer (D:12)
  2 harpies (Lair:6)
  2 orc knights (Orc:1)
  2 ugly things
  2 manticores
  An oklob plant (D:11)
  5 cyclopes
  A moth of wrath (Lair:5)
  11 elephants
  3 salamanders (Volcano)
  5 black mambas
  3 ice statues (IceCv)
  A merfolk siren (Lair:3)
  12 cane toads
  6 molten gargoyles (Volcano)
  4 gargoyles
  3 torpor snails
  3 rime drakes
  A kobold demonologist (D:11)
  2 unseen horrors
  A freezing wraith (IceCv)
  An efreet (D:13)
  8 komodo dragons
  2 tengu conjurers (D:13)
  An entropy weaver simulacrum (IceCv)
  3 polar bears
  A merfolk (Lair:3)
  A jumping spider (Lair:4)
  A queen bee (Lair:2)
  A hornet (Lair:6)
  3 slime creatures (Lair:6)
  33 blink frogs
  11 dream sheep
  A snapping turtle (Lair:6)
  5 wyverns
  A dire elephant simulacrum (IceCv)
  A vampire (D:11)
  2 wraiths
  36 yaks
  3 fire bats (Lair:6)
  3 basilisks
  7 vampire mosquitoes
  A fire elemental (Lair:2)
  2 steam dragons (Lair:6)
  3 swamp worms (Lair:5)
  17 water moccasins
  2 acid dragons
  Duvessa (D:4)
  23 orc warriors
  A sky beast (D:6)
  16 wolves
  2 ogres (D:5)
  14 centaurs
  A phantom (D:6)
  3 kobold brigands
  15 bullfrogs
  A gnoll sergeant (D:7)
  2 cane toad simulacra (IceCv)
  2 water moccasin zombies (D:5)
  Dowan (D:4)
  An elephant simulacrum (IceCv)
  24 killer bees (Lair:2)
  12 wights
  2 howler monkeys
  2 electric eels
  8 crimson imps (D:7)
  A bullfrog zombie (D:5)
  2 centaur zombies
  6 orc priests
  A jelly (Lair:6)
  A bullfrog skeleton (D:6)
  A centaur skeleton (D:7)
  2 hounds
  Ijyb (D:5)
  An iguana (D:4)
  6 orc wizards
  3 polar bear simulacra (IceCv)
  2 killer bee zombies
  A hound zombie (D:5)
  A hound skeleton (D:5)
  A howler monkey zombie (D:9)
  8 gnolls
  5 adders
  2 shadow imps
  4 white imps
  An ufetubus (D:6)
  An adder skeleton (D:5)
  A worm (D:4)
  3 dart slugs
  68 orcs
  6 ball pythons
  4 bats
  9 endoplasms
  2 giant cockroaches (D:2)
  13 goblins
  11 hobgoblins
  6 jackals
  15 kobolds
  4 quokkas
  8 frilled lizards
  8 rats
599 creatures vanquished.

Vanquished Creatures (collateral kills)
  An orc warrior (D:9)
1 creature vanquished.

Vanquished Creatures (others)
  43 fungi
  83 plants
126 creatures vanquished.

Grand Total: 726 creatures vanquished

Notes
Turn   | Place    | Note
-------+----------+-------------------------------------------
     0 | D:1      | AvatarAndi78 the Minotaur Berserker began the quest for the
                  | Orb.
     0 | D:1      | Reached XP level 1. HP: 19/19 MP: 0/0
    28 | D:1      | Found a faded altar of an unknown god.
   233 | D:1      | Reached XP level 2. HP: 27/27 MP: 1/1
   494 | D:1      | Reached XP level 3. HP: 31/33 MP: 2/2
   796 | D:1      | Reached ** piety under Trog
   850 | D:2      | Found a sparkling altar of Nemelex Xobeh.
  1080 | D:2      | Found a hazy altar of Hepliaklqana.
  1238 | D:2      | Reached XP level 4. HP: 41/41 MP: 3/3
  1780 | D:3      | Reached *** piety under Trog
  1808 | D:3      | Found a sacrificial altar of Ru.
  2019 | D:3      | Reached skill level 5 in Fighting
  2328 | D:3      | Reached skill level 5 in Axes
  2383 | D:3      | Reached XP level 5. HP: 35/48 MP: 4/4
  2604 | D:3      | Identified a scroll of acquirement
  2609 | D:3      | Acquired +2 gold dragon scales
  3043 | D:4      | Noticed Duvessa
  3043 | D:4      | Noticed Dowan
  3052 | D:4      | Killed Duvessa
  3053 | D:4      | Reached skill level 1 in Maces & Flails
  3053 | D:4      | Reached XP level 6. HP: 56/56 MP: 5/5
  3056 | D:4      | Killed Dowan
  3164 | D:4      | Noticed a yak
  3165 | D:4      | Noticed a yak
  3165 | D:4      | Noticed a yak
  3193 | D:4      | Killed a yak
  3193 | D:4      | Noticed a yak
  3194 | D:4      | Reached skill level 1 in Stealth
  3208 | D:4      | Killed a yak
  3208 | D:4      | Noticed a yak
  3209 | D:4      | Reached XP level 7. HP: 40/61 MP: 6/6
  3217 | D:4      | Killed a yak
  3217 | D:4      | Noticed a yak
  3218 | D:4      | Reached skill level 5 in Armour
  3220 | D:4      | Killed a yak
  3221 | D:4      | Reached skill level 5 in Maces & Flails
  3222 | D:4      | Killed a yak
  3223 | D:4      | Reached XP level 8. HP: 70/70 MP: 7/7
  3467 | D:5      | Entered Level 5 of the Dungeon
  3686 | D:5      | Noticed Ijyb
  3700 | D:5      | Killed Ijyb
  4018 | D:5      | Identified the +2 hat of Beelolexto {Harm Str+4 Int+2 SInv}
  4235 | D:6      | Reached **** piety under Trog
  4296 | D:6      | Reached XP level 9. HP: 77/79 MP: 8/8
  4732 | D:6      | Found a staircase to the Ecumenical Temple.
  4773 | Temple   | Entered the Ecumenical Temple
  5043 | D:7      | Reached skill level 1 in Long Blades
  5283 | D:7      | Reached skill level 10 in Maces & Flails
  5897 | D:8      | Reached skill level 5 in Long Blades
  5924 | D:8      | Found Bystraeso's Jewellery Emporium.
  5927 | D:8      | Bought an amulet of reflection for 300 gold pieces
  5927 | D:8      | Bought the ring "Plog" {rC+ rN+ SInv} for 332 gold pieces
  6059 | D:9      | Found a staircase to the Orcish Mines.
  6060 | D:9      | Noticed a two-headed ogre
  6072 | D:9      | Killed a two-headed ogre
  6073 | D:9      | Reached XP level 10. HP: 65/90 MP: 9/9
  6098 | D:9      | Reached skill level 1 in Shields
  6160 | D:9      | Noticed a two-headed ogre
  6166 | D:9      | Killed a two-headed ogre
  6167 | D:9      | Reached skill level 2 in Shields
  6188 | D:9      | Found a flagged portal.
  6201 | Bailey   | Entered a bailey
  6371 | Bailey   | Reached ***** piety under Trog
  6701 | Bailey   | Reached skill level 3 in Shields
  7041 | Bailey   | Reached skill level 4 in Shields
  7911 | D:10     | Entered Level 10 of the Dungeon
  8134 | D:10     | Found Wenuonkaj's General Store.
  8142 | D:10     | Bought a potion of heal wounds for 65 gold pieces
  8167 | D:10     | Found Utaasuga's Antique Weapon Emporium.
  8169 | D:10     | Noticed a two-headed ogre
  8173 | D:10     | Killed a two-headed ogre
  8174 | D:10     | Reached XP level 11. HP: 87/97 MP: 10/10
  8270 | D:10     | Found Toconuur's Distillery.
  8365 | D:11     | Noticed a boulder beetle
  8377 | D:11     | Reached skill level 10 in Long Blades
  8383 | D:11     | Reached skill level 5 in Shields
  8411 | D:11     | Found a transporter.
  8439 | D:11     | Reached skill level 10 in Armour
  8540 | D:11     | Found a staircase to the Lair.
  8542 | D:11     | Noticed an oklob plant
  8562 | D:11     | Noticed a two-headed ogre
  8564 | D:11     | Noticed a purple ugly thing
  8580 | D:10     | Killed a two-headed ogre
  8906 | D:11     | Killed a purple ugly thing
  8907 | D:11     | Reached skill level 10 in Fighting
  9169 | D:11     | Found a blossoming altar of Fedhas.
  9192 | D:11     | Found a transporter.
  9199 | D:11     | Noticed MirrMurr's ghost (journeyman DsHu)
  9515 | D:11     | Killed an oklob plant
  9617 | D:12     | Noticed a deep elf pyromancer
  9619 | D:12     | Noticed an eight-headed hydra
  9635 | D:12     | Killed a deep elf pyromancer
  9636 | D:12     | Reached skill level 6 in Shields
  9640 | D:12     | Killed a four-headed hydra
  9640 | D:12     | Noticed a two-headed ogre
  9649 | D:12     | Killed a two-headed ogre
 10768 | D:13     | Noticed a boulder beetle
 10779 | D:13     | Killed a boulder beetle
 10780 | D:13     | Reached XP level 12. HP: 108/108 MP: 11/11
 10826 | D:13     | Noticed a boulder beetle
 10850 | D:13     | Killed a boulder beetle
 11338 | D:13     | Noticed a tengu warrior
 11354 | D:13     | Killed a tengu warrior
 11657 | D:13     | Noticed a tengu warrior
 11671 | D:13     | Killed a tengu warrior
 11779 | D:13     | Noticed a two-headed ogre
 11786 | D:13     | Killed a two-headed ogre
 11787 | D:13     | Reached skill level 7 in Shields
 12054 | Lair:1   | Entered Level 1 of the Lair of Beasts
 12089 | Lair:1   | Found a frozen archway.
 12109 | IceCv    | Entered an ice cave
 12590 | IceCv    | Reached skill level 8 in Shields
 12960 | Lair:1   | Found a stormy altar of Qazlal.
 13990 | Lair:2   | Reached skill level 9 in Shields
 13999 | Lair:2   | Noticed a five-headed hydra
 14005 | Lair:2   | Killed a two-headed hydra
 14088 | Lair:2   | Reached XP level 13. HP: 118/118 MP: 12/12
 14905 | D:11     | Killed MirrMurr's ghost
 14922 | D:11     | Reached skill level 10 in Shields
 14943 | D:11     | Gained mutation: Your system is resistant to poisons.
                  | (rPois) [potion of mutation]
 14943 | D:11     | Gained mutation: You passively map a small area around you.
                  | [potion of mutation]
 14943 | D:11     | Gained mutation: You expend magic power (3 MP) to
                  | strengthen your wands. [potion of mutation]
 14943 | D:11     | Gained mutation: You have sharp toenails. [potion of
                  | mutation]
 15484 | Lair:3   | You fall into a shaft and drop 3 floors!
 15484 | Lair:6   | Entered Level 6 of the Lair of Beasts
 15502 | Lair:6   | Reached skill level 11 in Shields
 15603 | Lair:6   | Found a dark tunnel.
 15617 | Volcano  | Entered a volcano
 15708 | Volcano  | Reached skill level 12 in Shields
 15725 | Volcano  | Noticed a red draconian
 15739 | Volcano  | Killed a red draconian
 15816 | Volcano  | Noticed an orb of fire
 15871 | Volcano  | Noticed an orb of fire
 15885 | Volcano  | Received a gift from Trog
 16430 | Lair:5   | Reached XP level 14. HP: 107/127 MP: 13/13
 16431 | Lair:5   | Reached skill level 13 in Shields
 16862 | Lair:4   | Noticed Rupert
 16874 | Lair:4   | Killed Rupert
 17458 | Lair:4   | Found a hole to the Spider Nest.
 17518 | Lair:4   | Noticed Urug
 17527 | Lair:4   | Killed Urug
 17751 | Lair:4   | Reached skill level 10 in Axes
 18455 | Lair:3   | Reached skill level 14 in Shields
 18876 | Lair:3   | Found a staircase to the Shoals.
 19633 | Lair:5   | Received a gift from Trog
 19711 | Lair:5   | Found the +7 great mace "Firestarter" {inner flame, rF++}
 20623 | Lair:6   | Reached XP level 15. HP: 128/138 MP: 14/14
 20833 | Lair:6   | Found a staircase to the Slime Pits.
 20846 | Lair:6   | Reached skill level 15 in Shields
 20858 | Lair:6   | Identified the -4 helmet of Wasted Space {rCorr}
 21502 | Orc:1    | Entered Level 1 of the Orcish Mines
 21529 | Orc:1    | Found a transporter.
 21594 | Orc:1    | Noticed Erica
 21602 | Orc:1    | Killed Erica
 21691 | Orc:1    | Found a transporter.
 21691 | Orc:1    | Found a runed translucent door.
 21691 | Orc:1    | Found a bloodstained altar of Trog.
 21691 | Orc:1    | Found the +8 Wrath of Trog {antimagic, *Rage Rampage}
 21720 | Orc:1    | Mangled by a stone giant

Illustrated notes

Levels and vault maps discovered:
D:1:      lightli_arrival_chessboard, layout_rooms,
          shapermc_ecumenical_altar_acropolis
D:2:      layout_basic, basic_altar, minmay_hexomino_r4
D:3:      layout_basic, nicolae_ru_great_annihilating_truth,
          kennysheep_nondescript
D:4:      layout_basic, kennysheep_generic_room_12, uniq_duvessa
D:5:      layout_basic, serial_undead, serial_undead_e, serial_undead_e,
          serial_undead_d, serial_undead_e, uniq_ijyb
D:6:      layout_rooms, minmay_temple_entry_butterflies
D:7:      layout_gridville, eino_small_chamber_without_monster,
          minmay_misc_feat_tower, minivault_26, hangedman_glass_garden,
          minmay_nine_imps
D:8:      layout_rooms, serial_shops, nicolae_shop_behind_doors
D:9:      layout_roguey, david_orc_5, enter_bailey_4
D:10:     layout_rooms, serial_shops, nicolae_diamond_shop, shop,
          nicolae_stop_n_shop_2
D:11:     layout_cave_pools, dpeg_oklobed_lair, gammafunk_ghost_arena,
          fedhas_altar_1
D:12:     layout_basic
D:13:     layout_stronghold
Temple:   minmay_crystal_snake_temple
Lair:1:   layout_cave_pods, portal_ice_cave_entry_pillars_2,
          lemuel_centaur_altar
Lair:2:   layout_gridlike, special_room [special_room_bee]
Lair:3:   layout_cave_pods, elwin_shoals_entry_rooms, grunt_megastairs_4
Lair:4:   layout_cave_pods, spider_nest_entry_a, wad_woods_road_02,
          st_stairs_11, minivault_26, lemuel_fruit_fields,
          infiniplex_staircase_pool, uniq_rupert, uniq_urug
Lair:5:   layout_loops_ring, serial_bayou_lagoon_a, worms_lemuel
Lair:6:   gammafunk_lair_ancient_temple, layout_regular_city,
          minmay_slime_entry_pillars, nicolae_volcano_entry_batcave,
          st_stairs_12
Orc:1:    emtedronai_trogs_sanctum, layout_caves, basic_altar,
          minmay_shop_enchanted_jewellery, nicolae_orc_crystal_geode, uniq_erica

Skill      XL: |  1  2  3  4  5  6  7  8  9 10 11 12 13 14 15 |
---------------+----------------------------------------------+-----
Fighting       | 4 5 6 7 8 9 10 12 14 | 14.1
Axes           | 4 5 6 7 11 12 | 12.2
Armour         | 3 4 5 6 8 9 11 12 13 14 | 14.5
Maces & Flails | 1 4 6 9 10 | 10.1
Dodging        | 3 |  3.0
Stealth        | 1 |  1.6
Long Blades    | 6 9 12 13 14 | 14.6
Shields        | 4 6 9 12 14 15 | 15.2

Action                   |  1- 3 |  4- 6 |  7- 9 | 10-12 | 13-15 || total
-------------------------+-------+-------+-------+-------+-------++-------
Melee: Hand axe          |    83 |    57 |       |       |       ||   140
       Headbutt          |    18 |    29 |    60 |   181 |   257 ||   545
       Whip              |       |    79 |   180 |       |       ||   259
       Scimitar          |       |       |   101 |   567 |   240 ||   908
       War axe           |       |       |       |       |   537 ||   537
Invok: Berserk           |       |     2 |     1 |     6 |     6 ||    15
       Trog's Hand       |       |     2 |     1 |    11 |    10 ||    24
       Brothers in Arms  |       |       |     1 |     1 |       ||     2
Evoke: Wand              |       |       |       |     1 |       ||     1
  Use: Scroll            |       |     9 |     5 |     7 |    15 ||    36
       Potion            |       |     3 |     3 |     6 |     7 ||    19
 Stab: Paralysed         |       |     2 |       |       |       ||     2
       Invisible         |       |       |       |       |     2 ||     2
Armor: Animal skin       |    11 |       |       |       |       ||    11
       Chain mail        |    17 |    28 |       |       |       ||    45
       Scale mail        |       |     2 |       |       |       ||     2
       Gold dragon scale |       |    56 |   217 |   355 |   425 ||  1053
Dodge: Dodged            |    53 |    42 |    59 |   116 |   127 ||   397
Block: Buckler           |       |       |    10 |   234 |       ||   244
       Reflection        |       |       |       |    24 |    19 ||    43
       Tower shield      |       |       |       |   159 |   953 ||  1112
       Kite shield       |       |       |       |    12 |       ||    12

Table legend: (Time is in decaauts)
 A = Elapsed time spent in this place.
 B = Non-inter-level travel time spent in this place.
 C = Inter-level travel time spent in this place.
 D = Time resting spent in this place.
 E = Time spent auto-exploring this place.
 F = Levels seen in this place.
 G = Mean time per level.
                   A        B        C        D        E       F      G
               +--------+--------+--------+--------+--------+-----+--------+
         Total |  21988 |  20890 |   1098 |      0 |  16565 |  24 |  916.2 |
       Dungeon |  11040 |  10447 |    593 |      0 |   8437 |  13 |  849.2 |
        Temple |    201 |    163 |     38 |      0 |    144 |   1 |  201.0 |
          Lair |   8172 |   7706 |    466 |      0 |   6216 |   6 | 1362.0 |
  Orcish Mines |    222 |    222 |      0 |      0 |    112 |   1 |  222.0 |
        Bailey |   1116 |   1116 |      0 |      0 |    865 |   1 | 1116.0 |
      Ice Cave |    555 |    555 |      0 |      0 |    339 |   1 |  555.0 |
       Volcano |    679 |    679 |      0 |      0 |    450 |   1 |  679.0 |
               +--------+--------+--------+--------+--------+-----+--------+

Top non-repeatable levels by time:
  Lair:4: 1675 daAuts
  Lair:3: 1539 daAuts
  Lair:6: 1448 daAuts
    D:13: 1325 daAuts
     D:3: 1247 daAuts
  Lair:5: 1201 daAuts
  Lair:2: 1197 daAuts
    D:12: 1139 daAuts
  Bailey: 1116 daAuts
  Lair:1: 1109 daAuts
    D:11: 1045 daAuts
     D:9: 845 daAuts
     D:1: 832 daAuts
    D:10: 827 daAuts
     D:4: 722 daAuts
